 Dungeon Crawl Stone Soup version 0.28-a0-957-g42eb19b844 (webtiles) character file.

Game seed: 15417967940211741262

191 croobank the Sneak (level 5, 0/36 HPs)
             Began as an Octopode Monk on Nov 30, 2021.
             Was a Priest of Yredelemnul.
             Slain by Robin (3 damage)
             ... on level 3 of the Dungeon.
             The game lasted 00:10:50 (2862 turns).

croobank the Sneak (Octopode Monk)                  Turns: 2862, Time: 00:10:53

Health: 0/36       AC:  1    Str: 11 (13) XL:     5   Next: 70%
Magic:  3/5        EV: 14    Int: 11 (12) God:    Yredelemnul [***...]
Gold:   70         SH:  0    Dex: 12 (14) Spells: 4/4 levels left

rFire   . . .      SeeInvis .     - Unarmed
rCold   . . .      Faith    .   (no shield)
rNeg    . . .      Spirit   .   (helmet restricted)
rPois   .          Reflect  .   (no amulet)
rElec   .          Harm     .   (no ring)
rCorr   .          Rampage  .   (no ring)
Will    .....                   (no ring)
Stlth   ++++......              (no ring)
HPRegen 0.12/turn               (no ring)
MPRegen 0.09/turn               (no ring)
                                (no ring)
                                (no ring)

@: mirroring injuries
A: almost no armour, amphibious, 8 rings, camouflage 1, gelatinous body 1,
(nimble swimmer 1), tentacles
a: Renounce Religion, Recall Undead Slaves, Injury Mirror, Animate Dead


You were on level 3 of the Dungeon.
You worshipped Yredelemnul.
Yredelemnul was most pleased with you.
You visited 1 branch of the dungeon, and saw 3 of its levels.

You collected 70 gold pieces.

Inventory:

Hand Weapons
 b - a +0 falchion
 e - a +0 dagger
 g - a +0 hunting sling
 h - a +0 short sword
Missiles
 a - 77 stones (quivered)
 d - 3 javelins
 f - 5 datura-tipped darts


   Skills:
 - Level 3.3 Fighting
 - Level 3.5 Dodging
 - Level 5.5 Stealth
 - Level 4.3 Unarmed Combat
 + Level 0.3 Spellcasting
 - Level 0.3 Invocations


You had 4 spell levels left.
You didn't know any spells.
Your spell library contained the following spells:

 Spells                   Type           Power      Damage    Failure   Level
 Corpse Rot               Necr/Air       0%         N/A       47%         2
 Poisonous Vapours        Pois/Air       0%         N/A       47%         2
 Call Canine Familiar     Summ           0%         N/A       71%         3
 Portal Projectile        Hex/Tloc       0%         N/A       71%         3
 Leda's Liquefaction      Hex/Erth       0%         N/A       98%         4


Dungeon Overview and Level Annotations

Branches:
Dungeon (3/15)

Altars:
Yredelemnul

Annotations:
D:3 Robin, Terence


Innate Abilities, Weirdness & Mutations

You cannot wear most types of armour.
You are amphibious.
You can wear up to eight rings at the same time.
Your skin changes colour to match your surroundings (Stealth+).
Your rubbery body absorbs attacks. (AC +1, EV +1)
((You are camouflaged near water. (Stealth+)))
You have tentacles for arms and can constrict up to eight enemies at once.


Message History

The goblin closely misses you. The goblin hits you with a +0 club.
You closely miss the goblin. Your grab misses the goblin.
Your squeeze misses the goblin.
A goblin comes into view. It is wielding a +0 dagger.
The goblin hits you with a +0 club. x2
You barely miss the goblin. Your grab misses the goblin.
Your squeeze misses the goblin. The goblin completely misses you.
The goblin misses you.
You closely miss the goblin. You grab the goblin. You constrict the goblin.
The goblin barely misses you.
A goblin comes into view. It is wielding a +0 club.
The goblin misses you.
Nothing appears to have answered your call.
You constrict the goblin. The goblin hits you with a +0 club.
* * * LOW HITPOINT WARNING * * *
The goblin hits you with a +0 club.
* * * LOW HITPOINT WARNING * * *
You aren't carrying any scrolls.
It was a potion of degeneration.
There was something very wrong with that liquid.
You feel weakened.
You feel dopey.
You feel clumsy.
You constrict the goblin.
You kill the goblin!
Yredelemnul accepts your kill. The goblin closely misses you.
You offer yourself to Yredelemnul, and are filled with unholy energy.
The goblin closely misses you.
You tentacle-slap Robin. Your grab misses Robin.
Robin is moderately wounded.
Robin hits you with a +0 club.
* * * LOW HITPOINT WARNING * * *
Yredelemnul mirrors your injury!
Robin is moderately wounded.
You barely miss Robin. You grab Robin.
Robin is moderately wounded.
You constrict Robin.
The goblin no longer looks unusually strong.
The goblin closely misses you. Robin hits you with a +0 club.
You die...
Your body rises from the dead as a mindless zombie.

#.#
#.#
#.####
#....#
####.#
#.#
#.#
#g#
#@#
#g#
#g#
#g.
###


You could see Robin and 3 goblins.

Vanquished Creatures
  A water moccasin (D:3)
  An orc priest (D:3)
  2 adders (D:2)
  A dart slug (D:2)
  3 orcs
  4 endoplasms
  A giant cockroach (D:1)
  7 goblins
  5 hobgoblins
  A quokka (D:1)
  5 ball pythons
  5 bats
  A kobold (D:1)
  4 rats
41 creatures vanquished.

Vanquished Creatures (others)
  A water moccasin zombie (D:3)
  A dart slug zombie (D:2)
  A hobgoblin zombie (D:3)
  A rat zombie (D:3)
  5 toadstools (D:1)
9 creatures vanquished.

Grand Total: 50 creatures vanquished

Notes
Turn   | Place    | Note
-------+----------+-------------------------------------------
     0 | D:1      | croobank the Octopode Monk began the quest for the Orb.
     0 | D:1      | Reached XP level 1. HP: 16/16 MP: 1/1
   363 | D:1      | Reached XP level 2. HP: 15/21 MP: 2/2
   708 | D:1      | Found a faded altar of an unknown god.
   723 | D:1      | Prayed at the altar of an unknown god.
   723 | D:1      | Became a worshipper of Yredelemnul the Dark
   723 | D:1      | Reached * piety under Yredelemnul
   723 | D:1      | Reached ** piety under Yredelemnul
   882 | D:1      | Reached skill level 3 in Stealth
  1164 | D:2      | Reached XP level 3. HP: 26/26 MP: 3/3
  1178 | D:2      | Reached *** piety under Yredelemnul
  1566 | D:2      | Reached skill level 4 in Stealth
  2189 | D:3      | Noticed Terence
  2189 | D:3      | Noticed a water moccasin
  2218 | D:3      | Killed a water moccasin
  2219 | D:3      | Reached skill level 5 in Stealth
  2219 | D:3      | Reached XP level 4. HP: 19/31 MP: 4/4
  2219 | D:3      | Reached XP level 5. HP: 22/36 MP: 5/5
  2847 | D:3      | Noticed Robin
  2862 | D:3      | Slain by Robin

Illustrated notes

Levels and vault maps discovered:
D:1:      ldierk_walled_garden, layout_basic,
          hellmonk_ecumenical_altar_slurped_away
D:2:      layout_basic
D:3:      layout_basic, gup_sewer_entry_bowl, minmay_crystal_room, uniq_terence,
          uniq_robin

Skill      XL: |  1  2  3 |
---------------+----------+-----
Stealth        | 3 5 |  5.5
Unarmed Combat | 4 |  4.3
Fighting       | |  3.3
Dodging        | |  3.5
Spellcasting   | |  0.3
Invocations    | |  0.3

Action                   |  1- 3 |  4- 6 || total
-------------------------+-------+-------++-------
Melee: Unarmed           |    72 |    23 ||    95
       Constrict         |    17 |     8 ||    25
       Punch             |     3 |       ||     3
       Tentacles         |    11 |     4 ||    15
Invok: Animate Remains   |     1 |       ||     1
       Animate Dead      |     1 |     1 ||     2
       Injury Mirror     |       |     1 ||     1
       Recall Undead Sla |       |     1 ||     1
  Use: Scroll            |     1 |     1 ||     2
       Potion            |       |     1 ||     1
 Stab: Sleeping          |     9 |       ||     9
       Distracted        |     1 |       ||     1
Armor: Skin              |     4 |       ||     4
Dodge: Dodged            |    49 |    23 ||    72

Table legend: (Time is in decaauts)
 A = Elapsed time spent in this place.
 B = Non-inter-level travel time spent in this place.
 C = Inter-level travel time spent in this place.
 D = Time resting spent in this place.
 E = Time spent auto-exploring this place.
 F = Levels seen in this place.
 G = Mean time per level.
                   A        B        C        D        E       F      G
               +--------+--------+--------+--------+--------+-----+--------+
         Total |   2858 |   2839 |     19 |    441 |   1975 |   3 |  952.7 |
       Dungeon |   2858 |   2839 |     19 |    441 |   1975 |   3 |  952.7 |
               +--------+--------+--------+--------+--------+-----+--------+

Top non-repeatable levels by time:
     D:2: 1755 daAuts
     D:1: 944 daAuts
     D:3: 158 daAuts
